Map: Sequencer LE

Players

liquidthermy (uThermal) - Winner!

  • Race: Terran Terran
  • League: Master
  • Spawn Location: 1:00

PtitDrogo

  • Race: Protoss Protoss
  • League: Master
  • Spawn Location: 7:00

Event: HomeStory Cup XV

VOD

Have the link to the VOD?

Description

Time

  • Played on: July 22, 2017, 2:20 p.m.
  • Length: 10:39

All games in this series

Show
View Real Time Build Order
Export as new Build Order

liquidthermy Terran - Winner!

Build Orders: Reaper Expand, MMM Bio 

Get SALT Encoding   

  12  0:01  SCV  
  13  0:13  SCV  
  14  0:18  Supply Depot  
  14  0:25  SCV  
  15  0:32  Refinery  
  15  0:44  Barracks  
  15  0:48  SCV  
  16  1:00  SCV  
  17  1:07  Barracks  
  17  1:12  SCV  
  18  1:24  SCV  
  19  1:36  SCV  
  19  1:54  Orbital Command, Reaper  
  20  2:01  Command Center  
  20  2:08  Factory  
  20  2:19  SCV  
  21  2:26  Barracks Reactor  
  21  2:31  SCV  
  21  2:35  Supply Depot  
  22  2:37  Refinery  
  22  2:44  SCV  
  23  2:57  SCV  
  24  3:03  Starport  
  24  3:09  SCV  
  24  3:10  Hellion x2  
  24  3:11  Marine  
  30  3:13  Orbital Command  
  30  3:21  SCV  
  30  3:23  Engineering Bay  
  31  3:33  SCV  
  32  3:39  Medivac  
  37  3:41  Hellion x2  
  37  3:47  Bunker  
  37  3:48  Marine  
  37  3:54  SCV x2  
  40  3:59  Missile Turret  
  40  4:01  Missile Turret  
  40  4:06  SCV x2  
  42  4:13  Marine x2  
  42  4:15  Supply Depot  
  44  4:18  SCV x2  
  46  4:37  Marine x2, Cyclone, Supply Depot  
  51  4:40  Viking  
  51  4:42  SCV  
  54  4:52  SCV  
  53  4:55  Marine  
  52  5:02  Marine  
  52  5:03  SCV  
  53  5:09  SCV  
  53  5:11  Cyclone  
  56  5:15  SCV  
  56  5:18  Marine  
  56  5:20  Marine  
  55  5:22  Viking  
  55  5:23  Command Center  
  55  5:25  SCV  
  55  5:27  SCV  
  59  5:35  Supply Depot  
  59  5:36  Marine  
  59  5:38  Marine  
  61  5:43  SCV  
  61  5:44  Barracks  
  61  5:45  Barracks  
  61  5:46  SCV  
  61  5:49  Factory Tech Lab  
  61  5:54  Marine  
  61  5:55  SCV  
  61  5:58  SCV  
  61  5:59  Starport Tech Lab  
  61  6:02  Marine  
  63  6:07  SCV  
  63  6:10  SCV  
  64  6:18  Terran Infantry Weapons Level 1  
  64  6:19  SCV, Barracks  
  64  6:20  Barracks  
  64  6:21  Marine x2  
  64  6:22  SCV  
  64  6:24  Factory Reactor  
  68  6:31  SCV  
  69  6:36  Starport Reactor  
  69  6:37  Orbital Command  
  67  6:41  SCV  
  67  6:42  Marine x2  
  67  6:45  Refinery  
  67  6:46  Refinery  
  72  6:47  Marauder, Combat Shields  
  72  6:48  Stimpack  
  72  6:53  SCV  
  72  6:54  SCV  
  74  6:56  Marauder  
  76  7:01  Orbital Command  
  76  7:02  Widow Mine x2, Supply Depot  
  76  7:07  Barracks Reactor, Barracks Tech Lab  
  76  7:08  SCV  
  81  7:15  Marauder, Marine  
  84  7:21  Medivac x2  
  88  7:23  Missile Turret  
  88  7:25  Missile Turret  
  88  7:26  SCV, Supply Depot  
  88  7:28  SCV x2  
  88  7:29  Marine  
  92  7:30  Concussive Shells  
  92  7:34  Marine x2  
  94  7:38  SCV, Widow Mine x2  
  94  7:40  SCV x2  
  94  7:41  Supply Depot  
  101  7:48  Marine, Supply Depot  
  101  7:51  Supply Depot  
  102  7:52  Medivac  
  102  7:53  Medivac  
  102  7:57  SCV, Sensor Tower  
  102  7:58  Refinery  
  107  8:03  Marine x2, Missile Turret  
  109  8:08  Marine  
  109  8:09  Marauder x2  
  109  8:10  Widow Mine  
  109  8:11  Missile Turret  
  109  8:12  Terran Infantry Armor Level 1  
  116  8:14  Widow Mine  
  116  8:17  Marine  
  116  8:18  Marauder  
  121  8:22  Marine  
  122  8:30  Marauder  
  122  8:31  Marauder  
  125  8:38  Marine  
  125  8:39  Marauder, Widow Mine  
  125  8:40  Marine  
  131  8:44  Missile Turret  
  131  8:46  Marine  
  131  8:47  Marine, Supply Depot x2  
  133  8:57  Marine  
  133  8:58  Marine  
  133  9:04  Ghost Academy  
  133  9:05  Supply Depot  
  133  9:09  Marauder x2, Medivac x2  
  141  9:10  Marauder, Marine x2, Armory  
  141  9:11  Engineering Bay  
  139  9:17  Marine x2  
  141  9:24  Widow Mine x2  
  141  9:26  Supply Depot  
  141  9:29  Marine, Supply Depot  
  141  9:30  Marine  
  150  9:39  Ghost  
  150  9:40  Marine, Ghost  
  150  9:41  Marine  
  153  9:47  Medivac x2  
  153  9:50  Marine  
  153  9:51  Marauder  
  160  10:01  Marine  
  161  10:08  Marine  
  161  10:09  Marauder x2  
  161  10:12  Marine  
  161  10:13  Marauder  
  169  10:20  Marine  
  169  10:21  Marine  
Show
View Real Time Build Order
Export as new Build Order

PtitDrogo Protoss 

Build Orders: 1 Gate Expand, Oracle Opening 

Get SALT Encoding   

  12  0:01  Probe (Chrono Boost)  
  13  0:12  Probe (Chrono Boost)  
  14  0:18  Pylon  
  14  0:22  Probe (Chrono Boost)  
  15  0:36  Gateway  
  15  0:37  Probe (Chrono Boost)  
  16  0:47  Probe (Chrono Boost)  
  17  0:55  Assimilator  
  17  0:58  Probe (Chrono Boost)  
  18  1:08  Probe (Chrono Boost)  
  19  1:21  Probe (Chrono Boost)  
  19  1:24  Cybernetics Core  
  20  1:34  Nexus  
  20  1:40  Assimilator  
  20  1:43  Probe (Chrono Boost)  
  22  1:54  Probe (Chrono Boost)  
  22  1:58  Pylon  
  22  2:04  Probe  
  22  2:06  Warp Gate (Chrono Boost)  
  23  2:16  Adept (Chrono Boost)  
  23  2:17  Probe  
  26  2:29  Probe  
  27  2:38  Stargate  
  27  2:41  Probe, Adept (Chrono Boost)  
  29  2:45  Probe  
  30  2:53  Probe  
  30  2:55  Probe  
  32  3:05  Probe, Adept (Chrono Boost)  
  35  3:06  Probe  
  36  3:16  Probe  
  36  3:17  Probe  
  38  3:22  Gateway x2  
  38  3:25  Oracle (Chrono Boost)  
  41  3:27  Probe  
  41  3:37  Probe  
  41  3:40  Probe  
  43  3:49  Probe  
  43  3:50  Pylon  
  43  3:52  Probe  
  45  4:01  Probe  
  46  4:07  Oracle (Chrono Boost)  
  46  4:08  Probe  
  50  4:10  Pylon  
  50  4:13  Probe  
  50  4:16  Stalker  
  53  4:20  Probe  
  53  4:23  Pylon  
  54  4:28  Probe  
  54  4:29  Stalker x2  
  59  4:38  Nexus  
  60  4:40  Probe, Stalker  
  56  5:04  Stalker x2  
  56  5:05  Stalker  
  56  5:09  Probe  
  53  5:18  Probe  
  53  5:21  Probe  
  52  5:28  Stalker x2  
  52  5:30  Probe, Stalker  
  52  5:33  Probe  
  61  5:42  Probe  
  61  5:45  Probe  
  58  5:56  Probe x2 (Chrono Boost)  
  56  5:57  Probe (Chrono Boost)  
  56  6:00  Twilight Council  
  57  6:04  Forge  
  57  6:07  Probe x2 (Chrono Boost)  
  57  6:08  Probe (Chrono Boost)  
  58  6:17  Probe (Chrono Boost), Sentry x2  
  58  6:18  Probe (Chrono Boost)  
  64  6:19  Probe (Chrono Boost), Assimilator  
  64  6:21  Assimilator  
  65  6:27  Blink  
  65  6:28  Probe x2 (Chrono Boost)  
  65  6:30  Probe (Chrono Boost)  
  68  6:38  Probe (Chrono Boost)  
  68  6:39  Probe (Chrono Boost)  
  70  6:41  Probe (Chrono Boost)  
  71  6:47  Probe  
  71  6:50  Probe  
  71  6:54  Protoss Ground Weapons Level 1 (Chrono Boost)  
  73  6:55  Probe  
  73  6:58  Probe  
  75  7:04  Pylon  
  75  7:05  Pylon  
  75  7:06  Mothership Core  
  75  7:07  Probe  
  78  7:12  Probe, Gateway  
  78  7:13  Gateway  
  78  7:14  Gateway  
  78  7:15  Gateway  
  79  7:16  Gateway  
  79  7:19  Probe  
  80  7:23  Probe, Robotics Facility  
  80  7:25  Sentry  
  80  7:26  Stalker  
  85  7:33  Probe  
  85  7:35  Pylon  
  86  7:39  Probe  
  86  7:40  Probe  
  88  7:44  Pylon  
  88  7:45  Probe  
  88  7:49  Adept  
  88  7:50  Probe  
  88  7:51  Stalker x2  
  95  7:53  Assimilator  
  95  7:54  Probe  
  95  7:55  Assimilator  
  99  8:11  Photon Cannon  
  99  8:12  Observer  
  98  8:17  Probe  
  98  8:19  Probe  
  100  8:22  Resonating Glaives, Adept x7  
  100  8:24  Protoss Ground Armor Level 1 (Chrono Boost), Probe  
  115  8:42  Probe  
  115  8:43  Nexus  
  115  8:45  Pylon  
  116  8:48  Robotics Bay  
  112  9:05  Observer (Chrono Boost)  
  111  9:24  Stalker x3  
  111  9:28  Pylon x2  
  111  9:30  Pylon, Photon Cannon  
  117  9:32  Photon Cannon  
  117  9:33  Pylon  
  117  9:40  Robotics Facility  
  117  9:46  Probe x2, Colossus (Chrono Boost)  
  117  9:52  Adept x7  
  135  9:56  Pylon  
  139  10:20  Stalker x8  
Tags
 
Add a new tag
Caveats
  • Supply blocks, unpowered buildings, or Contaminate may cause inaccurate times.
  • Supply counts are checked every 10 seconds.